 Dungeon Crawl Stone Soup version 0.23-a0-619-g281719c6f9 (webtiles) character file.

32873 Pixllover the Bludgeoner (level 13, -7/184 HPs)
             Began as a Minotaur Berserker on Dec 22, 2018.
             Was a High Priest of Trog.
             Mangled by a red ugly thing (9 damage)
             ... on level 13 of the Dungeon.
             The game lasted 00:50:22 (10668 turns).

Pixllover the Bludgeoner (Minotaur Berserker)      Turns: 10668, Time: 00:50:22

Health: -7/184     AC: 15    Str: 36    XL:     13   Next: 33%
Magic:  0/12       EV: 14    Int:  4    God:    Trog [*****.]
Gold:   618        SH:  0    Dex: 10    Spells: 12/12 levels left

rFire    + . .     SeeInvis .   N - +4 dire flail (crush)
rCold    . . .     Gourm    .   (shield currently unavailable)
rNeg     . . .     Faith    .   r - +4 ring mail "Oturosch" {+Inv rF+ Str+4}
rPois    .         Spirit   +   (helmet restricted)
rElec    .         Reflect  .   (no cloak)
rCorr    +         Harm     .   i - +0 pair of gloves
MR       +....                  (no boots)
Stlth    ..........             d - amulet of guardian spirit
HPRegen  0.80/turn              G - ring of resist corrosion
MPRegen  0.13/turn              a - ring of protection from magic

@: berserking (expiring), very quick
A: retaliatory headbutt, horns 2, thin metallic scales 1, deterioration 1,
regeneration 1, MP-powered wands
a: Berserk, Trog's Hand, Brothers in Arms, Renounce Religion, Evoke Invisibility


You were on level 13 of the Dungeon.
You worshipped Trog.
Trog was extremely pleased with you.
You were hungry.

You visited 1 branch of the dungeon, and saw 13 of its levels.

You collected 618 gold pieces.

Inventory:

Hand Weapons
 g - a +4 eveningstar
 M - a +4 great mace of protection
 N - a +4 dire flail of crushing (weapon)
Missiles
 b - 4 curare-tipped needles
 s - 6 tomahawks (quivered)
 t - 17 poisoned needles
Armour
 i - a +0 pair of gloves (worn)
 r - the +4 ring mail "Oturosch" (worn) {+Inv rF+ Str+4}
   (You found it on level 11 of the Dungeon)

   It affects your strength (+4).
   It protects you from fire.
   It lets you turn invisible.
Jewellery
 a - a ring of protection from magic (right hand)
 d - an amulet of guardian spirit (around neck)
 h - an uncursed ring of protection from cold {unknown}
 l - a cursed ring of attention {unknown}
 A - a +3 ring of evasion {unknown}
 G - a ring of resist corrosion (left hand)
Wands
 k - a wand of paralysis (10)
 q - a wand of polymorph (7)
 x - a wand of clouds (4)
 y - a wand of digging (5)
 C - a wand of flame (17)
 D - a wand of acid (12)
Scrolls
 e - 3 scrolls of fog
 f - 2 scrolls of identify
 j - 7 scrolls of teleportation
 n - 9 scrolls of remove curse
 B - 3 scrolls of enchant armour {unknown}
 F - a scroll of magic mapping
 I - a scroll of blinking
 K - 3 scrolls of fear
 L - a scroll of immolation {unknown}
Potions
 m - 2 potions of flight
 o - 3 potions of curing
 p - 2 potions of invisibility
 w - a potion of might
 z - 3 potions of haste
Comestibles
 c - 27 rations
 v - a chunk of flesh


   Skills:
 + Level 13.6 Fighting
   Level 11.3(14.7) Axes
 + Level 15.7(16.9) Maces & Flails
 + Level 0.1 Throwing
 + Level 11.5 Armour
 + Level 7.0 Dodging
 + Level 1.0 Stealth


You had 12 spell levels left.
You didn't know any spells.
Your spell library was empty.

Dungeon Overview and Level Annotations

Branches:
Dungeon (13/15)            Temple (0/1) D:7            Lair (0/6) D:10
    Orc (0/2) D:10
 Vaults: D:13-14

Altars:
Dithmenos
Fedhas
Okawaru
Qazlal
Sif Muna
Uskayaw
Wu Jian
Zin
The Shining One

Shops:
D:9 :

Annotations:
D:5 1 runed door


Innate Abilities, Weirdness & Mutations

You reflexively headbutt those who attack you in melee.
You have a pair of horns on your head.
You are partially covered in thin metallic scales. (AC +2)
Your body sometimes deteriorates upon taking damage.
Your natural rate of healing is unusually fast.
You expend magic power (3 MP) to strengthen your wands.


Message History

You kill the wyvern!
Trog accepts your kill.
You closely miss the tengu conjurer.
Your headbutt misses the tengu conjurer.
The tengu conjurer is heavily wounded.
The tengu conjurer closely misses you. You furiously retaliate!
You headbutt the tengu conjurer! The tengu conjurer misses you.
The tengu conjurer barely misses you.
The red ugly thing completely misses you.
You furiously retaliate!
You headbutt the red ugly thing! The tengu conjurer blocks your attack.
The tengu conjurer is almost dead.
The ogre mage points at you and mumbles some strange words.
You resist with almost no effort.
You impale the tengu conjurer!!
You kill the tengu conjurer!
Trog accepts your kill.
Trog appreciates your killing of a magic user.
The red ugly thing pecks you!
You die...

#..###.## ##.## #.##
#..##..# ###..#####.##
#..##.## ###...#....#
#..#..# ..#...#....#
#.##.## .##.......#
.(...# ##..#.(#....#
###.## #O#.##.#....#
##..# #.[u#......##
(.(## ###@###......#
#..# #.#l#.#?..##.#
#.## ##.#(#.##..##.#
..# # ..#)#..#..##.##
.## #.#.
#.#(#.###.##..# .#
.##...#)#(#.#.#..##.#
##
..l.l...)(....##.##.#
#
.%#...#.#.#[#..#..#.##
#
.##...#.#.#.#..##.#..#


You could see a red ugly thing, an ogre mage and a basilisk.

Vanquished Creatures
  Rupert (D:13)
  Josephine (D:13)
  A hydra (D:13)
  Erolcha (D:13)
  Harold (D:8)
  5 centaur warriors (D:13)
  2 two-headed ogres
  Erica (D:10)
  Urug (D:13)
  An unseen horror (D:13)
  Pikel (D:6)
  A deep elf mage (D:12)
  An orc knight (D:13)
  An ugly thing (D:13)
  A cyclops (D:10)
  A manticore (D:13)
  A gargoyle (D:13)
  3 centaur skeletons
  Psyche (D:10)
  An efreet (D:13)
  2 kobold demonologists
  2 tengu conjurers (D:13)
  A troll (D:13)
  A hornet (D:13)
  Grinder (D:6)
  A hornet (shapeshifter) (D:13)
  3 slime creatures (D:10)
  3 hippogriffs
  2 shadows
  A spriggan (D:8)
  2 wyverns (D:13)
  35 yaks
  A basilisk (D:12)
  7 wraiths
  A steam dragon (D:9)
  A vampire mosquito (D:13)
  2 hungry ghosts
  3 wargs (D:10)
  Edmund (D:4)
  A water moccasin (D:7)
  Duvessa (D:6)
  A hornet zombie (D:12)
  A phantom (D:4)
  9 orc warriors
  A sky beast (D:10)
  A black bear (D:7)
  An eye of draining (D:13)
  5 ice beasts
  5 ogres
  A necrophage (D:8)
  8 centaurs
  A crocodile (D:8)
  7 bullfrogs
  A big kobold (D:11)
  Blork the orc (D:6)
  A water moccasin zombie (D:8)
  Dowan (D:6)
  5 scorpions
  A water moccasin skeleton (D:9)
  9 killer bees
  A wight (D:13)
  An electric eel (D:11)
  5 crimson imps
  2 centaur zombies
  2 bullfrog zombies
  7 orc priests
  A bullfrog skeleton (D:5)
  3 hounds
  3 jellies
  Natasha (thrice) (D:2)
  15 orc wizards
  11 worker ants
  A hound zombie (D:9)
  A hound skeleton (D:8)
  A worker ant zombie (D:9)
  Robin (D:4)
  A howler monkey zombie (D:7)
  3 gnolls (D:7)
  9 adders
  2 shadow imps
  An ooze (D:5)
  An adder skeleton (D:4)
  3 worms (D:3)
  A dart slug (D:1)
  5 leopard geckos
  43 orcs
  2 ball pythons
  5 bats
  6 giant cockroaches
  8 goblins
  7 hobgoblins
  4 jackals (D:2)
  15 kobolds
  4 quokkas
  4 frilled lizards
  8 rats
349 creatures vanquished.

Vanquished Creatures (others)
  A giant cockroach zombie (D:6)
1 creature vanquished.

Grand Total: 350 creatures vanquished

Notes
Turn   | Place    | Note
-------+----------+-------------------------------------------
     0 | D:1      | Pixllover the Minotaur Berserker began the quest for the
                  | Orb.
     0 | D:1      | Reached XP level 1. HP: 19/19 MP: 0/0
   212 | D:1      | Reached XP level 2. HP: 27/27 MP: 1/1
   864 | D:2      | Noticed Natasha
   878 | D:2      | Killed Natasha
   878 | D:2      | Reached XP level 3. HP: 24/34 MP: 2/2
   943 | D:2      | Reached ** piety under Trog
  1132 | D:2      | Noticed Natasha
  1142 | D:2      | Killed Natasha
  1142 | D:2      | Reached XP level 4. HP: 23/41 MP: 0/3
  1307 | D:2      | Noticed Natasha
  1317 | D:2      | Killed Natasha
  1317 | D:2      | Reached skill level 5 in Axes
  1734 | D:3      | Found an iron altar of Okawaru.
  1872 | D:3      | Reached XP level 5. HP: 31/47 MP: 4/4
  2134 | D:3      | Reached *** piety under Trog
  2661 | D:4      | Noticed Edmund
  2688 | D:4      | Killed Edmund
  2688 | D:4      | Reached skill level 5 in Fighting
  2688 | D:4      | Reached XP level 6. HP: 56/56 MP: 2/5
  2714 | D:4      | Gained mutation: You are dopey. (Int -2) [potion of
                  | mutation]
  2714 | D:4      | Gained mutation: You are clumsy. (Dex -2) [potion of
                  | mutation]
  2714 | D:4      | Gained mutation: You possess an exceptional clarity of
                  | mind. [potion of mutation]
  2714 | D:4      | Gained mutation: You are resistant to hostile enchantments.
                  | (MR+) [potion of mutation]
  3116 | D:4      | Noticed Robin
  3129 | D:4      | Killed Robin
  3355 | D:4      | Reached skill level 1 in Maces & Flails
  3355 | D:4      | Reached skill level 5 in Armour
  3355 | D:4      | Reached XP level 7. HP: 61/62 MP: 6/6
  3577 | D:4      | Reached skill level 2 in Maces & Flails
  4009 | D:5      | Entered Level 5 of the Dungeon
  4053 | D:5      | Found a glowing silver altar of Zin.
  4053 | D:5      | Noticed an angel
  4054 | D:5      | Found a runed door.
  4187 | D:5      | Found a hide-covered altar of Uskayaw.
  4188 | D:5      | Found a glowing silver altar of Zin.
  4190 | D:5      | Found a blossoming altar of Fedhas.
  4199 | D:5      | Reached skill level 3 in Maces & Flails
  4220 | D:5      | Found a shadowy altar of Dithmenos.
  4220 | D:5      | Found an ornate altar of the Wu Jian Council.
  4249 | D:5      | Reached **** piety under Trog
  4392 | D:5      | Lost mutation: You are dopey. (Int -2) [potion of mutation]
  4392 | D:5      | Lost mutation: You are clumsy. (Dex -2) [potion of
                  | mutation]
  4392 | D:5      | Lost mutation: You possess an exceptional clarity of mind.
                  | [potion of mutation]
  4392 | D:5      | Gained mutation: You have large cloven feet. [potion of
                  | mutation]
  4392 | D:5      | Gained mutation: You expend magic power (3 MP) to
                  | strengthen your wands. [potion of mutation]
  4392 | D:5      | Gained mutation: You are covered in fur. (AC +1) [potion of
                  | mutation]
  4393 | D:5      | Lost mutation: You are resistant to hostile enchantments.
                  | (MR+) [potion of mutation]
  4393 | D:5      | Lost mutation: You have large cloven feet. [potion of
                  | mutation]
  4393 | D:5      | Lost mutation: You are covered in fur. (AC +1) [potion of
                  | mutation]
  4393 | D:5      | Gained mutation: Your body sometimes deteriorates upon
                  | taking damage. [potion of mutation]
  4393 | D:5      | Gained mutation: Your natural rate of healing is unusually
                  | fast. [potion of mutation]
  4393 | D:5      | Gained mutation: You are partially covered in thin metallic
                  | scales. (AC +2) [potion of mutation]
  4489 | D:5      | Found a deep blue altar of Sif Muna.
  4825 | D:6      | Noticed Grinder
  4830 | D:6      | Paralysed by Grinder for 5 turns
  4854 | D:6      | Killed Grinder
  4854 | D:6      | Reached skill level 4 in Maces & Flails
  4854 | D:6      | Reached XP level 8. HP: 64/71 MP: 7/7
  4883 | D:6      | Noticed Blork the orc
  4896 | D:6      | Killed Blork the orc
  5129 | D:6      | Reached skill level 5 in Maces & Flails
  5177 | D:6      | Noticed Pikel
  5192 | D:6      | Killed Pikel
  5192 | D:6      | Reached skill level 6 in Maces & Flails
  5227 | D:6      | Noticed Duvessa
  5227 | D:6      | Noticed Dowan
  5242 | D:6      | Killed Duvessa
  5242 | D:6      | Reached XP level 9. HP: 76/79 MP: 8/8
  5246 | D:6      | Killed Dowan
  5623 | D:7      | Found an iron altar of Okawaru.
  5863 | D:7      | Reached skill level 7 in Maces & Flails
  5878 | D:7      | Found a staircase to the Ecumenical Temple.
  5886 | D:7      | Reached ***** piety under Trog
  5957 | D:7      | Reached skill level 8 in Maces & Flails
  6242 | D:8      | Noticed Harold
  6261 | D:8      | Killed Harold
  6261 | D:8      | Reached skill level 9 in Maces & Flails
  6265 | D:8      | Reached XP level 10. HP: 79/90 MP: 7/9
  6481 | D:8      | Found a stormy altar of Qazlal.
  6815 | D:9      | Reached skill level 10 in Maces & Flails
  6845 | D:9      | Noticed a two-headed ogre
  6861 | D:9      | Killed a two-headed ogre
  6861 | D:9      | Reached skill level 10 in Axes
  7204 | D:9      | Found Muiluma's Book Boutique.
  7271 | D:10     | Entered Level 10 of the Dungeon
  7380 | D:10     | Reached XP level 11. HP: 97/97 MP: 10/10
  7467 | D:10     | Reached skill level 10 in Armour
  7473 | D:10     | Received a gift from Trog
  7613 | D:10     | Noticed Erica
  7632 | D:10     | Killed Erica
  7632 | D:10     | Reached skill level 10 in Fighting
  7639 | D:10     | Found a staircase to the Lair.
  7647 | D:10     | Noticed Psyche
  7665 | D:10     | Killed Psyche
  7767 | D:10     | Reached skill level 11 in Maces & Flails
  7920 | D:10     | Found a staircase to the Orcish Mines.
  8583 | D:11     | Reached skill level 12 in Maces & Flails
  8667 | D:11     | Reached skill level 5 in Dodging
  8757 | D:11     | Got a dazzling ring mail
  8758 | D:11     | Identified the +4 ring mail "Oturosch" {+Inv rF+ Str+4}
                  | (You found it on level 11 of the Dungeon)
  8987 | D:12     | Received a gift from Trog
  9086 | D:12     | Noticed a deep elf mage
  9093 | D:12     | Killed a deep elf mage
  9225 | D:12     | Noticed a two-headed ogre
  9239 | D:12     | Reached XP level 12. HP: 107/110 MP: 9/11
  9252 | D:12     | Killed a two-headed ogre
  9252 | D:12     | Reached skill level 13 in Maces & Flails
  9777 | D:13     | Noticed Urug
  9788 | D:13     | Killed Urug
  9839 | D:13     | Paralysed by a hornet for 2 turns
  9926 | D:13     | Noticed a centaur warrior
  9934 | D:13     | Killed a centaur warrior
  9945 | D:13     | Noticed a centaur warrior
  9956 | D:13     | Killed a centaur warrior
  9956 | D:13     | Reached skill level 14 in Maces & Flails
 10300 | D:13     | Found a glowing golden altar of the Shining One.
 10380 | D:13     | Noticed Rupert
 10388 | D:13     | Paralysed by Rupert for 4 turns
 10398 | D:13     | Killed Rupert
 10398 | D:13     | Reached skill level 1 in Stealth
 10411 | D:13     | Noticed Josephine
 10419 | D:13     | Received a gift from Trog
 10424 | D:13     | Noticed a centaur warrior
 10426 | D:13     | Killed Josephine
 10428 | D:13     | Reached skill level 15 in Maces & Flails
 10428 | D:13     | Reached XP level 13. HP: 52/122 MP: 7/12
 10519 | D:13     | Noticed Erolcha
 10523 | D:13     | Killed Erolcha
 10655 | D:13     | HP: 6/183 [centaur warrior/arrow (6)]
 10663 | D:13     | HP: 1/183 [tengu conjurer (7)]
 10668 | D:13     | Mangled by a red ugly thing

Vault maps used:
D:1:      minmay_arrival_solitary_statue
D:2:      uniq_natasha
D:3:      solitary_fountain, okawaru_metal_pillars_1_2
D:4:      minmay_crystal_room, uniq_edmund, uniq_robin
D:5:      lemuel_coloured_pillars_altar, grunt_temple_overflow_open,
          first_ration, lemuel_angel_altar
D:6:      uniq_grinder, uniq_blork_the_orc, uniq_pikel, uniq_duvessa
D:7:      minmay_temple_entry_glass, basic_altar
D:8:      kennysheep_little_box, the_bakery, minivault_24, uniq_harold
D:9:      minmay_spotlight, serial_shops, shop
D:10:     erik_lair_orcish_takeover, david_orc_4, uniq_erica, uniq_psyche
D:11:     minivault_14
D:13:     minmay_the_grid_triangle_9x9_recursive_3_mashed,
          nicolae_tso_carved_into_rock, uniq_josephine, uniq_urug, uniq_erolcha,
          uniq_rupert

Skill      XL: |  1  2  3  4  5  6  7  8  9 10 11 12 13 |
---------------+----------------------------------------+-----
Axes           | 4 5 6 7 11 | 11.3
Fighting       | 4 5 6 7 8 9 11 13 | 13.6
Armour         | 3 4 5 6 7 9 10 11 | 11.5
Dodging        | 3 4 5 6 7 |  7.0
Maces & Flails | 1 4 6 9 10 12 15 | 15.7
Stealth        | 1 |  1.0
Throwing       | |  0.1

Action                   |  1- 3 |  4- 6 |  7- 9 | 10-12 | 13-15 || total
-------------------------+-------+-------+-------+-------+-------++-------
Melee: Hand axe          |    61 |    84 |    62 |       |       ||   207
       Headbutt          |    12 |    28 |    50 |   132 |    22 ||   244
       Dire flail        |       |    39 |     9 |   325 |    51 ||   424
       Flail             |       |       |   142 |    24 |       ||   166
       War axe           |       |       |       |   100 |       ||   100
       Eveningstar       |       |       |       |    86 |    22 ||   108
Throw: Tomahawk          |       |       |       |     3 |       ||     3
Invok: Berserk           |       |     3 |     1 |     5 |     3 ||    12
  Use: Scroll            |     2 |     4 |    10 |     6 |       ||    22
       Potion            |       |     1 |     3 |     3 |     1 ||     8
  Eat: Chunk             |     1 |     9 |    11 |    20 |     3 ||    44
       Ration            |       |       |     1 |       |       ||     1
Armor: Ring mail         |    34 |    32 |     5 |    91 |    28 ||   190
       Animal skin       |     1 |       |       |       |       ||     1
       Chain mail        |       |       |   131 |   144 |       ||   275
Dodge: Dodged            |    50 |    69 |   114 |   276 |    61 ||   570

Table legend:
 A = Non-vault XP
 B = Vault XP
 C = Vault XP percentage of total XP
 D = Non-vault monster count
 E = Vault monster count
 F = Vault count percentage of total count
                 A         B        C        D         E       F
            +---------+---------+-------+---------+---------+-------
      Total |   26476 |   20486 |  43.6 |     276 |      73 |  20.9
            +---------+---------+-------+---------+---------+-------
        D:1 |      15 |       0 |   0.0 |       8 |       0 |   0.0
        D:2 |     117 |      35 |  23.0 |      27 |       1 |   3.6
        D:3 |      69 |       0 |   0.0 |      27 |       0 |   0.0
        D:4 |     549 |     185 |  25.2 |      14 |       8 |  36.4
        D:5 |     346 |       0 |   0.0 |      14 |       0 |   0.0
        D:6 |     369 |    1267 |  77.4 |       9 |       5 |  35.7
        D:7 |    1376 |       0 |   0.0 |      24 |       0 |   0.0
        D:8 |     573 |    1192 |  67.5 |      11 |       2 |  15.4
        D:9 |    3548 |    1102 |  23.7 |      26 |       2 |   7.1
       D:10 |    3044 |    2583 |  45.9 |      26 |      26 |  50.0
       D:11 |    2840 |       0 |   0.0 |      31 |       0 |   0.0
       D:12 |    6482 |       0 |   0.0 |      37 |       0 |   0.0
       D:13 |    7148 |   14122 |  66.4 |      22 |      29 |  56.9
            +---------+---------+-------+---------+---------+-------
